 Dungeon Crawl Stone Soup version 0.22.0-6-g71bd7aa (webtiles) character file.

22 Amnesiac the Gusty (level 2, -3/19 HPs)
             Began as a Mummy Air Elementalist on Aug 15, 2018.
             Slain by a worker ant (5 damage)
             ... on level 4 of the Dungeon.
             The game lasted 00:02:22 (898 turns).

Amnesiac the Gusty (Mummy Air Elementalist)          Turns: 898, Time: 00:02:22

Health: -3/19      AC:  2    Str: 11    XL:     2   Next: 68%
Magic:  1/6        EV: 12    Int: 14    God:
Gold:   36         SH:  0    Dex: 12    Spells: 6/7 levels left

rFire    . . .     SeeInvis .   (no weapon)
rCold    . . .     Gourm    .   (no shield)
rNeg     + + +     Faith    .   a - +0 robe
rPois    ∞         Spirit   .   (no helmet)
rElec    .         Reflect  .   (no cloak)
rCorr    .         Harm     .   (no gloves)
MR       .....                  (no boots)
Stlth    ++........             (no amulet)
HPRegen  0.06/turn              b - ring of fire
MPRegen  0.10/turn              (no ring)

@: very slightly contaminated
A: no food or potions, fire vulnerability, cold resistance 1, negative energy
resistance 3, torment resistance, unbreathing
a: no special abilities


You were on level 4 of the Dungeon.
You were not hungry.

You visited 1 branch of the dungeon, and saw 4 of its levels.

You collected 36 gold pieces.

Inventory:

Armour
 a - a +0 robe (worn)
Jewellery
 b - a ring of fire (left hand)


   Skills:
 - Level 1.5 Dodging
 - Level 1.5 Stealth
 + Level 3.1 Spellcasting
 - Level 0.7 Conjurations
 * Level 3.1 Air Magic


You had 6 spell levels left.
You knew the following spells:

 Your Spells              Type           Power        Failure   Level  Hunger
a - Shock                 Conj/Air       #...         10%         1    N/A

Your spell library contained the following spells:

 Spells                   Type           Power        Failure   Level  Hunger
 Lightning Bolt           Conj/Air       #.........   95%         5    N/A
 Swiftness                Chrm/Air       #.......     17%         2    N/A
 Airstrike                Air            ##........   50%         4    N/A
 Static Discharge         Conj/Air       #.......     28%         3    N/A

Dungeon Overview and Level Annotations

Branches:
Dungeon (4/15)
 Temple: D:4-7

Altars:
Gozag
Nemelex Xobeh

Annotations:
D:3 Sigmund


Innate Abilities, Weirdness & Mutations

You do not eat or drink.
Your flesh is vulnerable to fire.
You are immune to poison.
Your flesh is cold resistant. (rC+)
You are immune to negative energy. (rN+++)
You are immune to unholy pain and torment.
You can survive without breathing.


Message History

The worker ant appears unharmed.
The worker ant is moderately wounded.
The worker ant barely misses you.
Casting: Shock (safe; 10% risk of failure)
Confirm with . or Enter, or press ? or * to list all spells.
Aiming: Shock (safe; 10% risk of failure)
Press: ? - help, Shift-Dir - straight line, f/p - worker ant
Aim: a worker ant (moderately wounded)
The zap misses the worker ant.
The zap hits the worker ant.
The worker ant is moderately wounded.
The worker ant misses you.
Casting: Shock (safe; 10% risk of failure)
Confirm with . or Enter, or press ? or * to list all spells.
Aiming: Shock (safe; 10% risk of failure)
Press: ? - help, Shift-Dir - straight line, f/p - worker ant
Aim: a worker ant (moderately wounded)
The zap misses the worker ant. x2; The worker ant misses you.
Casting: Shock (safe; 10% risk of failure)
Confirm with . or Enter, or press ? or * to list all spells.
You don't have enough magic to cast that spell.
Casting: Shock (safe; 10% risk of failure)
Confirm with . or Enter, or press ? or * to list all spells.
You don't have enough magic to cast that spell.
Casting: Shock (safe; 10% risk of failure)
Confirm with . or Enter, or press ? or * to list all spells.
You don't have enough magic to cast that spell.
The worker ant bites you.
* * * LOW HITPOINT WARNING * * *
Wield which item (- for none, * to show all)? (? for menu, Esc to quit)
c - a scroll labeled WOTHUN UTAVE (in hand) {!r} Unknown command.
Unknown command.
Really read
c - a scroll labeled WOTHUN UTAVE {!r}?
As you read the scroll labeled WOTHUN UTAVE {!r}, it crumbles to dust.
It is a scroll of identify.
You don't have any unidentified items.
You are now empty-handed.
The worker ant barely misses you. The worker ant bites you.
* * * LOW HITPOINT WARNING * * *
Casting: Shock (safe; 10% risk of failure)
Confirm with . or Enter, or press ? or * to list all spells.
Aiming: Shock (safe; 10% risk of failure)
Press: ? - help, Shift-Dir - straight line, f/p - worker ant
Aim: a worker ant (moderately wounded)
The zap misses the worker ant.
The zap hits the worker ant.
The worker ant is heavily wounded.
The worker ant barely misses you.
Unknown command.
The worker ant bites you.
* * * LOW HITPOINT WARNING * * *
A quokka comes into view.
The worker ant closely misses you.
Your magical contamination has completely faded away.
The worker ant barely misses you.
The worker ant bites you but does no damage.
Casting: Shock (safe; 10% risk of failure)
Confirm with . or Enter, or press ? or * to list all spells.
Aiming: Shock (safe; 10% risk of failure)
Press: ? - help, Shift-Dir - straight line, p - worker ant You miscast Shock.
You are very lightly contaminated with residual magic.
You feel electric! The worker ant barely misses you. The worker ant bites you.
You die...

########## #........#
##############.#####.##
......................#
.#############.########
.................#
......########.#r#
.####.# #.#a# .#
#.########.#@# ##
#.#........#.# #
#.#.########.# # #.#.#
#.# #.#.# #.# #####.#.#
#.# %.....#.# #.#
.######.# #.# . #.# #.#


You could see a worker ant and a quokka.

Vanquished Creatures
  An ooze (D:2)
  A dart slug (D:2)
  An orc (D:3)
  2 giant cockroaches (D:3)
  A hobgoblin (D:2)
  3 bats
  A frilled lizard (D:1)
  2 goblins
  2 kobolds
  2 rats
16 creatures vanquished.

Notes
Turn   | Place    | Note
-------+----------+-------------------------------------------
     0 | D:1      | Amnesiac the Mummy Air Elementalist began the quest for the Orb.
     0 | D:1      | Reached XP level 1. HP: 13/13 MP: 4/4
   234 | D:2      | Reached XP level 2. HP: 9/19 MP: 0/5
   567 | D:3      | Found an opulent altar of Gozag.
   568 | D:3      | Found a sparkling altar of Nemelex Xobeh.
   630 | D:3      | Noticed an ogre
   647 | D:3      | Noticed Sigmund
   898 | D:4      | Slain by a worker ant

Skill      XL: |  1  2 |
---------------+-------+-----
Spellcasting   | 3 |  3.1
Air Magic      | 3 |  3.1
Dodging        | |  1.5
Stealth        | |  1.5
Conjurations   | |  0.7

Action                   || total
-------------------------++-------
 Cast: Shock             ||    35
  Use: Scroll            ||     1
Armor: Robe              ||     6
Dodge: Dodged            ||    30
